 Dungeon Crawl Stone Soup version 0.28-a0-589-g333b8329f1 (webtiles) character file.

Game seed: 5626354973148563645

177 sanka the Distorting Palentonga (level 5, 0/43 HPs)
             Began as a Palentonga Abyssal Knight on Oct 3, 2021.
             Was a Believer of Lugonu.
             Slain by an orc (2 damage)
             ... on level 3 of the Dungeon.
             The game lasted 00:03:31 (3323 turns).

sanka the Distorting Palentonga (PaAK)              Turns: 3323, Time: 00:03:32

Health: 0/43       AC:  4    Str: 17    XL:     5   Next: 30%
Magic:  9/9        EV:  9    Int: 10    God:    Lugonu [**....]
Gold:   101        SH:  0    Dex: 11    Spells: 4/4 levels left

rFire   . . .      SeeInvis +   a - +1 hand axe
rCold   . . .      Faith    +   (no shield)
rNeg    . . .      Spirit   .   b - +0 leather armour
rPois   .          Reflect  .   (no helmet)
rElec   .          Harm     .   (no cloak)
rCorr   .          Rampage  .   (no gloves)
Will    .....                   (no barding)
Stlth   +.........              m - amulet of faith
HPRegen 0.14/turn               (no ring)
MPRegen 0.11/turn               (no ring)

@: no status effects
A: large, rugged brown scales 3, see invisible, deformed body, roll 1, armoured
tail
a: Rolling Charge, Renounce Religion, Depart the Abyss, Bend Space


You were on level 3 of the Dungeon.
You worshipped Lugonu.
Lugonu was pleased with you.
You visited 1 branch of the dungeon, and saw 3 of its levels.
You visited the Abyss 1 time.

You collected 101 gold pieces.


Innate Abilities, Weirdness & Mutations

You are completely covered in rugged brown scales. (AC +3, +7% HP)
You have supernaturally acute eyesight. (SInv)
Armour fits poorly on your strangely shaped body.
You can roll at nearby foes to attack.
You have a long armoured tail.


   Skills:
 - Level 3.0 Fighting
 - Level 2.0 Axes
 - Level 1.5 Armour
 - Level 0.7 Dodging
 + Level 6.1 Invocations


You had 4 spell levels left.
You didn't know any spells.
Your spell library contained the following spells:

 Spells                   Type           Power      Damage    Failure   Level
 Beastly Appendage        Tmut           0%         N/A       41%         1
 Wereblood                Tmut           0%         N/A       56%         2
 Spider Form              Tmut/Pois      0%         N/A       80%         3

Inventory:

Hand Weapons
 a - a +1 hand axe (weapon)
Missiles
 l - 7 poisoned darts
Armour
 b - a +0 leather armour (worn)
Jewellery
 m - an amulet of faith (around neck)
Wands
 c - a wand of flame (7)
Scrolls
 d - a scroll of fog
 f - a scroll of vulnerability {!r}
 h - a scroll of blinking
 j - 2 scrolls of amnesia
 k - a scroll of teleportation {unknown}
 n - a scroll of identify {@r1}
Potions
 e - 2 potions of curing {unknown}
 g - 2 potions of lignification {unknown}
 i - a potion of heal wounds {unknown}

Dungeon Overview and Level Annotations

Branches:
Dungeon (3/15)

Altars:
Dithmenos
Nemelex Xobeh

Shops:
D:2

( ▒▒▒▒▒▒ ▒▒ ▒....▒ ▒▒▒. ▒....▒
..▒. ▒▒▒▒▒ ▒▒▒▒▒▒▒▒▒ ▒....▒
▒▒▒..▒.
▒▒...▒▒▒.......▒▒▒▒▒....▒▒▒....▒.
.'...'.'...†...'>..............▒.
▒▒...▒▒▒.......▒.▒▒▒▒▒.▒▒)▒....▒.
▒...▒ ▒...(...▒o▒ ▒.▒▒......▒.
▒▒▒▒▒ ▒.......▒H▒ ▒.▒▒......▒.
▒.......▒.▒ ▒.▒.......▒.
▒▒▒▒▒▒▒▒▒.▒ ▒.........▒.
.........▒ ▒.▒...▒...▒. ▒▒▒
...▒▒▒▒..▒ ▒.▒...▒...▒. ▒<▒ ▒
▒..▒▒ ▒.▒...▒..... ▒.▒ .▒▒.
▒▒▒▒...▒ ▒.▒.........
▒▒.▒▒.▒▒...▒.▒▒.▒.▒▒▒▒.▒.....▒.▒.
.......+...+....▒............▒.▒.


You could see an orc.


Message History

* * * LOW HITPOINT WARNING * * *
Unknown command.
You barely miss the orc.
The orc is almost dead.
The orc hits you but does no damage.
You closely miss the orc.
Your tail-slap misses the orc.
The orc is almost dead.
The orc hits you with a +0 dagger.
* * * LOW HITPOINT WARNING * * *
Unknown command.
You barely miss the orc. You tail-slap the orc.
You kill the orc!
Lugonu accepts your kill. The orc hits you with a +0 whip.
* * * LOW HITPOINT WARNING * * *
Unknown command.
You closely miss the orc. The orc hits you with a +0 whip.
* * * LOW HITPOINT WARNING * * *
Unknown command.
You closely miss the orc. The orc hits you with a +0 whip.
* * * LOW HITPOINT WARNING * * *
Unknown command.
You hit the orc.
The orc is heavily wounded.
The orc hits you with a +0 whip.
You die...

Action                   |  1- 3 |  4- 6 || total
-------------------------+-------+-------++-------
Melee: Hand axe          |    97 |    93 ||   190
       Tailslap          |     8 |    10 ||    18
 Abil: Rolling Charge    |    19 |     9 ||    28
  Use: Scroll            |       |     4 ||     4
Armor: Leather armour    |    32 |    37 ||    69
Dodge: Dodged            |    44 |    52 ||    96

Levels and vault maps discovered:
D:1:      minmay_arrival_widening_spiral_wide, layout_loops_corners,
          dreamdust_ecumenical_altar_drowned_temple,
          minmay_misc_feat_four_crosses
D:2:      layout_loops_cross, serial_shops, shop, serial_rivers,
          chequers_serial_rivers_micro_d, chequers_serial_rivers_large_a,
          chequers_serial_rivers_small_3, chequers_serial_rivers_micro_c,
          chequers_serial_rivers_room_a
D:3:      layout_basic, jmf_multi_god_temple, amethyst_overflow_temple_binary,
          serial_shops, shop

Notes
Turn   | Place    | Note
-------+----------+-------------------------------------------
     0 | Abyss:1  | sanka the Palentonga Abyssal Knight began the quest for the
                  | Orb.
     0 | Abyss:1  | Reached XP level 1. HP: 19/19 MP: 2/2
    33 | D:1      | Escaped the Abyss
   183 | D:1      | Reached XP level 2. HP: 22/25 MP: 4/4
   260 | D:1      | Reached skill level 3 in Invocations
   440 | D:1      | Found a faded altar of an unknown god.
   794 | D:1      | Reached XP level 3. HP: 12/31 MP: 5/5
  1105 | D:1      | Reached skill level 4 in Invocations
  1126 | D:1      | Reached ** piety under Lugonu
  1414 | D:2      | Found Woni's Antique Weapon Shoppe.
  1415 | D:2      | Reached XP level 4. HP: 26/37 MP: 7/7
  2273 | D:3      | Reached skill level 5 in Invocations
  2944 | D:3      | Found a shadowy altar of Dithmenos.
  2945 | D:3      | Found a sparkling altar of Nemelex Xobeh.
  2948 | D:3      | Reached XP level 5. HP: 43/43 MP: 9/9
  3313 | D:3      | Reached skill level 6 in Invocations
  3322 | D:3      | HP: 2/43 [orc (6)]
  3323 | D:3      | Slain by an orc

Vanquished Creatures
  An orc wizard (D:3)
  8 adders
  An ufetubus (D:3)
  A worm (D:3)
  A dart slug (D:1)
  5 orcs (D:3)
  7 ball pythons
  3 endoplasms
  A giant cockroach (D:1)
  3 goblins (D:1)
  A hobgoblin (D:1)
  9 jackals
  2 quokkas (D:1)
  4 bats
  6 frilled lizards
  9 kobolds
  8 rats
  A spectral hobgoblin (D:1)
71 creatures vanquished.
